 BcadrenCrawl: Boulder Brew version 0.04.2-15-ge27eb88979 (webtiles) character file.

Game seed: 18071999002235141136, levelgen mode: deterministic

895 diana the Slicer (level 8, 0/44 HPs) Kobold Gladiator. Began on May 15, 2021. Succumbed to a water moccasin's poison ... on level 2 of the Dungeon. The game lasted 00:04:21 (1727 turns).

diana the Slicer (Kobold Gladiator)                 Turns: 1727, Time: 00:04:22

Health: 0/44       AC:  5    Str: 12    XL:     8 ^: 700
Magic:  9/9        EV: 16    Int:  9    God:
Gold:   90         SH:  0    Dex: 18    Spells: 7/7 levels left

rFire    . . .     Vision   .   a - +0 rapier
rCold    . . .     Gourm    .   (weapon restricted)
rNeg     . . .     Faith    .   b - +0 leather armour
rPois    .         Spirit   .   c - +0 helmet
rElec    .         Reflect  .   (no cloak)
rCorr    .         Harm     .   (no gloves)
MR       .....                  h - +0 pair of boots
Stlth    +.........             (no amulet)
HPRegen  0.24/turn              (no ring)
MPRegen  0.19/turn              (no ring)

@: lethally poisoned (0 -> -1)
A: small, carnivore
a: no special abilities


You were on level 2 of the Dungeon.
You were full.

You visited 1 branch of the dungeon, and saw 2 of its levels.

You collected 90 gold pieces.

Inventory:

Weapons
 a - a +0 rapier (weapon)
 g - a +0 hunting sling
Armour
 b - a +0 leather armour (worn)
 c - a +0 helmet (worn)
 h - a +0 pair of boots (worn)
Wands
 d - a wand of ensnaring (6)


   Skills:
 - Level 2.1 Fighting
 + Level 11.1 Short Blades
 - Level 3.6 Dodging
 - Level 2.1 Evocations


You had 7 spell levels left.
You didn't know any spells.
Your spell library was empty.

Dungeon Overview and Level Annotations

Branches:
Dungeon (2/8)

Altars:


Innate Abilities, Weirdness & Mutations

You are small and have problems with some larger weapons.
You are carnivorous and can eat meat at any time.


Message History

You hit the water moccasin (5).
You kill the water moccasin!
You hear a splash.
Your Short Blades skill increases to level 11!
* * * LOW HITPOINT WARNING * * *
You feel sick. (1)
* * * LOW HITPOINT WARNING * * *
You feel sick. (1)
There is an escape hatch in the floor here.
You aren't carrying any scrolls.
You eat one of the 2 rations.
That ration really hit the spot!
You eat the ration.
That ration really hit the spot!
* * * LOW HITPOINT WARNING * * *
You feel sick. (1)
You enter the shallow water.
Moving in this stuff is going to be slow.
You see here a sewer rat corpse.
The sewer rat corpse isn't edible.
You aren't carrying any food.
You die...

# .## ≈≈≈≈≈.###.##≈.# ≈ ≈.
≈≈≈≈≈≈≈≈...≈≈≈≈. ≈≈≈ .
≈≈≈≈≈≈≈≈≈.≈≈≈≈≈≈≈
≈≈≈≈≈≈≈≈≈≈≈≈≈≈≈≈P.≈≈≈≈≈≈≈≈≈.§
≈≈≈≈≈≈≈≈≈≈≈≈≈≈≈≈..≈≈≈≈≈≈≈≈..≈
≈≈≈≈≈≈≈≈≈≈≈≈≈≈≈≈.≈≈≈≈≈≈≈≈..≈≈
≈≈≈≈≈≈≈≈≈≈≈≈≈≈≈≈.≈≈≈≈≈≈≈≈≈≈≈≈
≈≈≈≈≈≈≈≈≈≈≈≈≈...†≈≈≈≈≈≈≈≈≈≈≈≈
≈≈≈≈≈≈≈≈≈≈≈≈≈≈P≈@†≈≈≈≈≈≈≈≈≈≈≈
≈≈≈≈≈≈≈≈≈≈≈≈≈≈≈≈.†≈≈≈≈≈≈.≈≈≈≈
≈≈..≈≈..;≈≈≈≈≈≈≈..>..≈≈≈....≈
#..###..≈≈≈≈≈≈P############..
##.≈###.≈≈≈≈≈≈.# #≈≈##
#..≈≈P≈.≈# #.≈.# #≈≈≈P≈≈≈.#
#..## #†≈≈≈≈≈PP# ≈.≈#
#≈≈≈≈≈≈PP#


There were no monsters in sight!

Vanquished Creatures
  3 water moccasins (D:2)
  A big kobold (D:2)
  2 jellies (D:2)
  2 giant cockroaches
  4 adders (D:2)
  37 sewer rats (D:2)
  4 cinder newts (D:2)
  3 oozes (D:2)
  2 dart slugs (D:1)
  3 leopard geckos
  A ball python (D:1)
  5 bats
  5 goblins (D:1)
  4 hobgoblins (D:1)
  11 kobolds
  A hobgoblin skeleton (D:2)
  An orc skeleton (D:2)
  7 rats
96 creatures vanquished.

Vanquished Creatures (others)
  2 ball pythons (D:2)
  A slimehead (D:2)
  105 withered plants (D:2)
108 creatures vanquished.

Grand Total: 204 creatures vanquished

Notes
Turn   | Place    | Note
-------+----------+-------------------------------------------
     0 | D:1      | diana the Kobold Gladiator began the quest for the Orb.
     0 | D:1      | Reached XP level 1. HP: 12/12 MP: 2/2
    20 | D:1      | Reached skill level 4 in Short Blades
    23 | D:1      | Reached XP level 2. HP: 8/17 MP: 3/3
   333 | D:1      | Reached XP level 3. HP: 21/21 MP: 4/4
   340 | D:1      | Reached skill level 5 in Short Blades
   682 | D:1      | Reached XP level 4. HP: 26/26 MP: 5/5
   790 | D:2      | Reached skill level 6 in Short Blades
   801 | D:2      | Reached XP level 5. HP: 20/30 MP: 6/6
   911 | D:2      | Reached skill level 7 in Short Blades
   927 | D:2      | Reached XP level 6. HP: 15/35 MP: 7/7
   990 | D:2      | Reached skill level 8 in Short Blades
  1074 | D:2      | Noticed a water moccasin
  1174 | D:2      | HP: 1/35 [big kobold/cursed +1 short sword of electrocution
                  | {(Curse: Fragile)} (6)]
  1176 | D:2      | Reached XP level 7. HP: 9/40 MP: 8/8
  1189 | D:2      | Reached skill level 9 in Short Blades
  1310 | D:2      | Reached skill level 10 in Short Blades
  1577 | D:2      | Reached XP level 8. HP: 39/44 MP: 9/9
  1719 | D:2      | HP: 2/44 [poisoned by a water moccasin]
  1721 | D:2      | Reached skill level 11 in Short Blades
  1725 | D:2      | HP: 1/44 [poisoned by a water moccasin]
  1727 | D:2      | Succumbed to a water moccasin's poison

Levels and vault maps discovered:
D:1:      co_arrival_square_in_a_square_in_a_square, layout_basic
D:2:      layout_sewer, first_ration

Skill      XL: |  1  2  3  4  5  6  7  8 |
---------------+-------------------------+-----
Short Blades   | 4 5 6 7 8 10 11 | 11.1
Fighting       | |  2.1
Dodging        | |  3.6
Evocations     | |  2.1

Action                   |  1- 3 |  4- 6 |  7- 9 || total
-------------------------+-------+-------+-------++-------
Melee: Rapier            |    41 |   112 |   116 ||   269
       Unarmed           |    20 |    79 |    86 ||   185
Evoke: Wand              |       |     2 |     1 ||     3
  Use: Potion            |       |     1 |     2 ||     3
 Stab: Held in net/web   |       |     3 |       ||     3
  Eat: Chunk             |       |       |     4 ||     4
       Ration            |       |       |     2 ||     2
Armor: Leather armour    |     6 |    16 |    10 ||    32
Dodge: Dodged            |    40 |   119 |   103 ||   262
